 Dungeon Crawl Stone Soup version 0.30.0-30-g96aa6591b8 (webtiles) character file.

Game seed: 8265927278581643853

978 Eitelfritz the Chopper (level 8, -7/69 HPs)
             Began as a Hill Orc Fighter on June 30, 2023.
             Was a Believer of Uskayaw.
             Mangled by Menkaure (15 damage)
             ... on level 4 of the Dungeon.
             The game lasted 00:11:15 (4613 turns).

Eitelfritz the Chopper (Hill Orc Fighter)           Turns: 4613, Time: 00:11:16

Health: -7/69      AC: 15    Str: 21    XL:     8   Next: 17%
Magic:  11/11      EV:  8    Int:  8    God:    Uskayaw [**....]
Gold:   238        SH:  5    Dex: 16    Spells: 7/7 levels left

rFire   . . .        a - +0 war axe
rCold   . . .        c - +0 buckler
rNeg    + . .        j - +0 chain mail
rPois   .            o - +2 hat
rElec   .            t - +2 cloak
rCorr   .            (no gloves)
SInv    .            (no boots)
Will    .....        (no amulet) Stlth
                     h - ring of positive energy
HPRegen 0.31/turn    s - +6 ring of dexterity
MPRegen 0.12/turn

%: no passive effects
@: no status effects
A: no striking features
a: Renounce Religion, Stomp, Line Pass


You were on level 4 of the Dungeon.
You worshipped Uskayaw.
Uskayaw was noncommittal.
You visited 1 branch of the dungeon, and saw 4 of its levels.
You also visited: Sewer.

You collected 238 gold pieces.

Inventory:

Hand Weapons
 a - a +0 war axe (weapon)
 b - a +0 longbow
Missiles
 g - 3 throwing nets
 i - 6 poisoned darts (quivered)
Armour
 c - a +0 buckler (worn)
 j - a +0 chain mail (worn)
 o - a +2 hat (worn)
 t - a +2 cloak (worn)
Jewellery
 h - a ring of positive energy (left hand)
 s - a +6 ring of dexterity (right hand)
Wands
 u - a wand of iceblast (1)
Scrolls
 m - a scroll of fog
 n - a scroll of silence
 q - a scroll of blinking
Potions
 d - 3 potions of might
 f - 2 potions of attraction
 k - a potion of heal wounds
 l - a potion of cancellation {unknown}
 p - 3 potions of curing
 r - 2 potions of brilliance
 w - a potion of lignification
 x - 3 potions of berserk rage
 z - a potion of ambrosia {unknown}


   Skills:
 + Level 5.4 Fighting
 + Level 7.7 Axes
 + Level 0.7 Ranged Weapons
 + Level 0.6 Throwing
 + Level 5.0 Armour
 + Level 0.9 Dodging
 + Level 0.6 Stealth
 + Level 4.2 Shields
 * Level 5.1 Invocations


You had 7 spell levels left.
You didn't know any spells.
Your spell library contained the following spells:

 Spells                   Type           Power      Damage    Failure   Level
 Apportation              Tloc           0%         N/A       98%         1
 Necrotise                Necr           0%         1d4       98%         1
 Summon Small Mammal      Summ           0%         N/A       98%         1


Dungeon Overview and Level Annotations

Branches:
Dungeon (4/15)              Sewer (visited)
 Temple: D:4-7

Altars:
Gozag
Trog
Uskayaw

Annotations:
D:4 Menkaure


Message History

You hit Menkaure.
Menkaure is lightly damaged.
Menkaure mumbles, "From dust you came, to dust you will return."
Menkaure closely misses you. You block the hobgoblin's attack.
Menkaure hits you!
The hobgoblin hits you from afar with a +0 trident.
You hit Menkaure but do no damage.
Menkaure is lightly damaged.
Menkaure hits you but does no damage.
The hobgoblin hits you but does no damage.
You hit Menkaure.
Menkaure is moderately damaged.
Menkaure closely misses you. The hobgoblin barely misses you.
Menkaure calls on the powers of darkness!
The hobgoblin convulses!
Your body is wracked with pain!
You hit Menkaure.
Menkaure is heavily damaged.
Menkaure closely misses you.
The hobgoblin hits you but does no damage.
You can now pass through a line of other dancers.
You hit Menkaure.
Menkaure is severely damaged.
Menkaure calls on the powers of darkness!
The hobgoblin convulses!
Your body is wracked with pain!
* * * LOW HITPOINT WARNING * * *
The hobgoblin barely misses you. Menkaure barely misses you.
The hobgoblin hits you but does no damage.
Menkaure hits you but does no damage.
You hit the hobgoblin.
You kill the hobgoblin!
You hit Menkaure but do no damage. Menkaure hits you!
* * * LOW HITPOINT WARNING * * *
Menkaure barely misses you.
Things that are here:
a +0 trident; a hobgoblin corpse You hit Menkaure but do no damage.
Menkaure is severely damaged.
Menkaure hits you!
You die...

.................
########............##.
#...................###
#...................###
#.........)............
#.........)?........##.
#.......####'#'#######.
#....M..# #.#.# ##
#.....@.# #.#.#
#.......# #.#.#
#......... ....(
#...............
#...............
#####.......##
#.......# #.......#


You could see Menkaure (fast).

Vanquished Creatures
  Grinder (D:3)
  Sigmund (D:2)
  2 kobold brigands (Sewer)
  Blork the orc (D:4)
  An orc priest (D:4)
  Ijyb (D:3)
  Crazy Yiuf (D:2)
  An iguana (D:4)
  Natasha (thrice) (D:3)
  3 gnolls (D:3)
  6 river rats
  7 adders
  An ufetubus (D:4)
  A worm (D:3)
  3 dart slugs
  3 orcs (D:4)
  10 endoplasms
  3 giant cockroaches
  7 hobgoblins
  10 jackals
  12 kobolds
  3 quokkas
  10 ball pythons
  4 bats
  5 frilled lizards
  8 goblins
  9 rats
117 creatures vanquished.

Notes
Turn   | Place    | Note
-------+----------+-------------------------------------------
     0 | D:1      | Eitelfritz the Hill Orc Fighter began the quest for the
                  | Orb.
     0 | D:1      | Reached XP level 1. HP: 19/19 MP: 1/1
    87 | D:1      | Reached XP level 2. HP: 24/27 MP: 2/2
   249 | D:1      | Reached skill level 3 in Axes
   308 | D:1      | Reached XP level 3. HP: 33/33 MP: 3/3
   354 | D:1      | Found a faded altar of an unknown god.
   359 | D:1      | Prayed at the altar of an unknown god.
   359 | D:1      | Became a worshipper of Uskayaw the Reveller
   359 | D:1      | Reached * piety under Uskayaw
   757 | D:2      | Reached ** piety under Uskayaw
   939 | D:2      | Noticed Sigmund
   967 | D:2      | Killed Sigmund
   968 | D:2      | Reached skill level 5 in Axes
   968 | D:2      | Reached XP level 4. HP: 40/41 MP: 3/5
   968 | D:2      | Reached XP level 5. HP: 46/47 MP: 3/6
  1210 | D:2      | Found a runed translucent door.
  1211 | D:2      | Noticed Crazy Yiuf
  1535 | D:2      | Killed Crazy Yiuf
  1536 | D:2      | Reached XP level 6. HP: 53/53 MP: 7/7
  1663 | D:3      | Noticed Ijyb
  1683 | D:3      | Killed Ijyb
  1748 | D:3      | Noticed Grinder
  1751 | D:3      | Paralysed by Grinder for 3 turns
  1771 | D:3      | Killed Grinder
  1772 | D:3      | Reached skill level 6 in Axes
  1772 | D:3      | Reached XP level 7. HP: 45/60 MP: 9/9
  2071 | D:3      | Found an opulent altar of Gozag.
  2107 | D:3      | Noticed Natasha
  2112 | D:3      | Killed Natasha
  2465 | D:3      | Noticed Natasha
  2471 | D:3      | Reached *** piety under Uskayaw
  2472 | D:3      | Killed Natasha
  2472 | D:3      | Reached **** piety under Uskayaw
  2759 | D:3      | Noticed Natasha
  2761 | D:3      | Killed Natasha
  2773 | D:3      | Reached skill level 7 in Axes
  3310 | D:4      | Found a bloodstained altar of Trog.
  3314 | D:4      | Noticed Blork the orc
  3323 | D:4      | Killed Blork the orc
  3324 | D:4      | Reached skill level 5 in Fighting
  3450 | D:4      | Found a glowing drain.
  3459 | Sewer    | Entered a sewer
  3657 | Sewer    | Reached XP level 8. HP: 68/68 MP: 11/11
  3814 | Sewer    | Reached skill level 5 in Invocations
  4389 | D:4      | Reached skill level 5 in Armour
  4597 | D:4      | Noticed Menkaure
  4613 | D:4      | Mangled by Menkaure

Illustrated notes

Levels and vault maps discovered:
D:1:      dpeg_arrival_orchard, layout_loops_ring,
          ebering_ecumenical_altar_abandoned
D:2:      layout_basic, minmay_tree_intersection, uniq_sigmund,
          uniq_crazy_yiuf_cottage
D:3:      layout_loops_ring, pf_just_have_faith, serial_co_window_serial,
          co_window_paths_a, co_window_corner_a, co_window_paths_b,
          co_window_corner_a, co_window_corner_a, co_window_corner_a,
          co_window_broadway_a, co_window_2corner, co_window_broadway_b,
          co_window_corner_b, co_window_of_opportunity_b, glass_columns_a,
          minmay_misc_feat_x, skrybe_limestone_x,
          hangedman_decor_diamond_cutter, uniq_ijyb, uniq_grinder, uniq_natasha
D:4:      layout_basic, kennysheep_mini_moat, lightli_sewer_entry_pipes,
          gammafunk_ghost_grave, uniq_menkaure, uniq_blork_the_orc

Skill      XL: |  1  2  3  4  5  6  7  8 |
---------------+-------------------------+-----
Fighting       | 4 5 |  5.4
Axes           | 3 5 6 7 |  7.7
Invocations    | 2 3 4 5 |  5.1
Armour         | 4 5 |  5.0
Shields        | 4 |  4.2
Ranged Weapons | |  0.7
Throwing       | |  0.6
Dodging        | |  0.9
Stealth        | |  0.6

Action                     |  1- 3 |  4- 6 |  7- 9 || total
---------------------------+-------+-------+-------++-------
  Melee: War axe           |    90 |    61 |   212 ||   363
   Fire: Longbow           |       |       |    14 ||    14
  Throw: Dart              |     6 |       |       ||     6
    Use: Scroll            |       |       |    15 ||    15
   Stab: Paralysed         |       |       |     3 ||     3
 Armour: Scale mail        |    17 |       |       ||    17
         Chain mail        |    38 |    25 |   114 ||   177
  Dodge: Dodged            |    49 |    17 |    98 ||   164
  Block: Buckler           |    14 |    15 |    53 ||    82
